AoeStats
← Esrik

Arena

510400282Analyzed
1v1 RM · 15h ago on Sep 30, 2026· 50m 36s· 2 players
Game mode
Random Map
Map size
Tiny (2 player)
Population
200
Speed
Normal
Resources
Standard
Victory
Conquest
Starting age
Dark Age
Ending age
Imperial Age
RankedLock teamsTeams togetherTeam positionsShared explorationLock speedFull tech treeHidden civsTurbo modeCheats
Victory
Defeat
🇹🇷 Tupi · Türkiye
1322
+15
🇺🇸 Spanish · United States
1309
-15
TRX
5:04 Loom
10:21 Feudal Age
14:50 Castle Age
13:12 Double-Bit Axe
14:18 Stone Mining
20:57 Wheelbarrow
24:21 Horse Collar
24:53 Gold Mining
25:24 Bloodlines
25:15 Husbandry
25:41 Padded Archer Armor
26:48 Fervor
27:11 Stone Mining
33:05 Imperial Age
30:49 Fletching
31:15 Leather Archer Armor
31:43 Bodkin Arrow
31:48 Elite Skirmisher
34:02 Ballistics
34:56 Chemistry
34:26 Hand Cart
35:39 Ring Archer Armor
35:26 Bracer
37:48 Scale Barding Armor
37:53 Forging
37:41 Onager
37:54 Light Cavalry
39:03 Chain Barding Armor
39:54 Bow Saw
40:36 Iron Casting
39:57 Town Watch
40:04 Cavalier
41:39 Plate Barding Armor
41:42 Heavy Plow
41:57 Town Patrol
42:21 Block Printing
45:18 Blast Furnace
47:25 Paladin
Esrik
10:54 Feudal Age
12:25 Town Watch
17:07 Castle Age
15:18 Horse Collar
15:25 Champi Runner
17:59 Double-Bit Axe
20:51 Squires
23:27 Wheelbarrow
24:58 Loom
25:32 Bow Saw
25:50 Heavy Plow
26:32 Gold Mining
27:15 Fletching
27:26 Padded Archer Armor
28:56 Hand Cart
28:47 Bodkin Arrow
32:03 Gold Shaft Mining
32:04 Stone Mining
35:02 Imperial Age
33:46 Ballistics
34:18 Leather Archer Armor
34:34 Scale Mail Armor
34:44 Forging
34:39 Champi Warrior
36:02 Chain Mail Armor
37:12 Chemistry
36:13 Bracer
36:44 Ring Archer Armor
35:41 Elite Blackwood Archer
38:16 Two-Man Saw
38:02 Iron Casting
39:02 Plate Mail Armor
38:15 Elite Champi Warrior
41:24 Curare
42:36 Conscription
43:05 Elite Ibirapema Warrior
45:09 Pikeman
47:41 Halberdier
Connection lost

Rejoining the realm…

Still unreachable

The connection could not be restored.

Session expired

The server has moved on; the page needs a fresh start.